[Event "Team 45 45 League T49"]
[Site "Internet Chess Club"]
[Date "2011.06.21"]
[Round "6"]
[White "katikus"]
[Black "powerchess1"]
[Result "1/2-1/2"]
[WhiteElo "1710"]
[BlackElo "1522"]
[Opening "French: Tarrasch, closed variation"]
[ECO "C05"]
[Time "18:30:06"]
[TimeControl "2700+45"]

1. e4 e6 2. d4 d5 3. Nd2 Nf6 4. e5 Nfd7 5. Ngf3 c5 6. c3 Nc6 7. Bd3 a5 8. O-O
Be7 9. Re1 cxd4 10. cxd4 g5 11. h3 h5 12. Nf1 g4 13. hxg4 hxg4 14. N3h2 Bb4 15.
Bd2 Bxd2 16. Nxd2 Qh4 17. Ndf1 g3 18. fxg3 Qxd4+ 19. Ne3 Ndxe5 20. Bb5 Bd7 21.
Bxc6 Nxc6 22. Qxd4 Nxd4 23. Rad1 Nc6 24. Nxd5 O-O-O 25. Nf6 Be8 26. Kf2 {Game
drawn by mutual agreement} 1/2-1/2

[Event "Team 45 45 League T49"]
[Site "Internet Chess Club"]
[Date "2011.06.19"]
[Round "6"]
[White "Neoman"]
[Black "AVEMARIA"]
[Result "1/2-1/2"]
[WhiteElo "1592"]
[BlackElo "1732"]
[Opening "Blackmar gambit"]
[ECO "D00"]
[Time "16:03:41"]
[TimeControl "2700+45"]

1. d4 d5 2. e4 dxe4 3. Nc3 e5 4. Qh5 Nf6 5. Qxe5+ Qe7 6. Bg5 Qxe5 7. dxe5 Nfd7
8. Nd5 Nxe5 9. Nxc7+ Kd7 10. Nxa8 Bb4+ 11. c3 Bd6 12. O-O-O Nbc6 13. f3 f6 14.
Be3 Ke7 15. fxe4 Bg4 16. Rd2 Rxa8 17. h3 Bh5 18. g4 Bg6 19. Bg2 Nc4 20. Re2 Nxe3
21. Rxe3 Bf4 22. Kd2 Rd8+ 23. Ke2 Bxe3 24. Kxe3 Ne5 25. Bf1 Rd1 26. Nf3 Nc4+ 27.
Kf4 Nxb2 28. Bg2 Nd3+ 29. Ke3 Rxh1 30. Bxh1 Ne5 31. Nxe5 fxe5 32. Bf3 Bf7 33. a3
Bc4 34. Be2 b5 35. Bxc4 bxc4 36. a4 g5 37. Kf3 Kd6 38. Ke3 Kc5 39. Kd2 Kb6 40.
Kc2 Ka5 41. Kb2 Kxa4 42. Ka2 a5 43. Kb2 Kb5 44. Ka3 a4 45. Ka2 Ka5 46. Ka3 Kb5
47. Ka2 a3 48. Kxa3 Ka5 49. Kb2 Ka4 50. Ka2 {Game drawn by mutual agreement}
1/2-1/2

[Event "Team 45 45 League T49"]
[Site "Internet Chess Club"]
[Date "2011.06.15"]
[Round "6"]
[White "JohLeb"]
[Black "tightfist"]
[Result "0-1"]
[WhiteElo "1471"]
[BlackElo "1441"]
[Opening "QGD Slav: 4.Nc3"]
[ECO "D15"]
[Time "19:01:30"]
[TimeControl "2700+45"]

1. d4 d5 2. c4 c6 3. Nc3 Nf6 4. Nf3 Bf5 5. Bg5 Nbd7 6. e3 h6 7. Bh4 g5 8. Bg3 e6
9. Bd3 Bxd3 10. Qxd3 dxc4 11. Qxc4 Nb6 12. Qb3 Bd6 13. Bxd6 Qxd6 14. O-O O-O 15.
Qc2 Kg7 16. Ne4 Nxe4 17. Qxe4 f5 18. Qe5+ Qxe5 19. Nxe5 Rad8 20. Rac1 f4 21. h3
fxe3 22. fxe3 Rxf1+ 23. Rxf1 Rf8 24. Rxf8 Kxf8 25. b3 Kg7 26. g4 Kf6 27. Kf2 Nd5
28. a4 Nc3 29. Kf3 Na2 30. Nd3 b6 31. e4 Nc3 32. Ne5 c5 33. dxc5 Kxe5 {White
resigns} 0-1

[Event "Team 45 45 League T49"]
[Site "Internet Chess Club"]
[Date "2011.06.20"]
[Round "6"]
[White "JFlamer"]
[Black "misuc56"]
[Result "1-0"]
[WhiteElo "1807"]
[BlackElo "1745"]
[Opening "QGD: 3.Nc3"]
[ECO "D31"]
[Time "16:01:51"]
[TimeControl "2700+45"]

1. d4 d5 2. c4 e6 3. Nc3 f5 4. Nf3 c6 5. Ne5 Nf6 6. Bg5 Bd6 7. e3 O-O 8. Be2
Nbd7 9. f4 Qe8 10. O-O a6 11. Qb3 Ne4 12. Nxe4 fxe4 13. Bg4 h6 14. Bh4 Nf6 15.
Be2 Kh7 16. Kh1 Rb8 17. c5 Bc7 18. Qa4 Bd7 19. b4 Rg8 20. g4 g6 21. Bxf6 Bd8 22.
Bxd8 Rxd8 23. Qd1 Bc8 24. Qe1 Qe7 25. Qg3 Rdf8 26. g5 h5 27. Qh3 Kg7 28. Nxg6
Kxg6 29. Qxh5+ Kg7 30. Qh6+ Kf7 31. Bh5+ {Black resigns} 1-0

[Event "Team 45 45 League T49"]
[Site "Internet Chess Club"]
[Date "2011.06.21"]
[Round "6"]
[White "mattphelps"]
[Black "Chess64655"]
[Result "0-1"]
[WhiteElo "1341"]
[BlackElo "1638"]
[Opening "Sicilian"]
[ECO "B54"]
[Time "15:11:05"]
[TimeControl "2700+45"]

1. e4 c5 2. Nf3 d6 3. d4 cxd4 4. Nxd4 e5 5. Nf3 Be7 6. Nc3 Nf6 7. Bb5+ Bd7 8.
Bxd7+ Qxd7 9. O-O O-O 10. h3 Nc6 11. Bg5 Rac8 12. Bxf6 Bxf6 13. Nd5 Bd8 14. c3
Kh8 15. Qd2 Ne7 16. Rfd1 Qe8 17. Rac1 Ng6 18. b3 f5 19. Qe3 fxe4 20. Qxe4 Qf7
21. Qe3 Nh4 22. Nxh4 Bxh4 23. Rd2 h6 24. Rcc2 Bg5 25. Qxa7 Bxd2 26. Rxd2 Rc5 27.
c4 Rcc8 28. Qa3 Rfd8 29. Ne3 Rf8 30. f3 Qf4 31. Rd3 e4 32. fxe4 Qxe4 33. Rc3 Qd4
34. Qb2 Rce8 35. Qc1 Rf6 36. Kh2 Qf4+ 37. Kh1 Rfe6 38. Qf1 Qg3 {White resigns}
0-1

[Event "Team 45 45 League T49"]
[Site "Internet Chess Club"]
[Date "2011.06.19"]
[Round "6"]
[White "DrOMM"]
[Black "Just-Jim"]
[Result "1-0"]
[WhiteElo "1331"]
[BlackElo "1369"]
[Opening "Petrov three knights game"]
[ECO "C42"]
[Time "15:03:23"]
[TimeControl "2700+45"]

1. e4 e5 2. Nf3 Nf6 3. Nc3 d6 4. Bc4 h6 5. O-O a6 6. a3 Nc6 7. h3 Be7 8. d3 O-O
9. Be3 Be6 10. Bxe6 fxe6 11. Ne2 d5 12. c3 dxe4 13. Ne1 exd3 14. Nxd3 Nh7 15.
Bc5 Bxc5 16. Nxc5 Qc8 17. Qd7 Qxd7 18. Nxd7 Rf7 19. Rad1 Nf6 20. Nc5 b6 21. Nb3
Nd5 22. Rfe1 Re8 23. Nd2 Nf4 24. Nf3 Nxe2+ 25. Rxe2 Rf4 26. Nxe5 Nxe5 27. Rxe5
Ref8 28. f3 R4f6 29. Rd7 Rg6 30. Kf2 Rf7 31. Rd8+ Kh7 32. Re8 Rff6 33. Re2 c5
34. Rd2 Rf5 35. Rdd8 Rgf6 36. Rd7 e5 37. Ree7 Rg6 38. g4 Rff6 39. Rxe5 Rd6 40.
Rd5 Rc6 41. Re5 b5 42. Rdd5 b4 43. Rxc5 bxa3 44. bxa3 Rb6 45. a4 Rb2+ 46. Kg3
Rd6 47. Rcd5 Rdb6 48. a5 R6b3 49. c4 Rc2 50. c5 Rb5 51. c6 Rxd5 52. Rxd5 Rxc6
53. Kf4 g5+ 54. Ke5 Rc3 55. Ke4 Rc4+ 56. Kd3 Rf4 57. Ke3 Rf6 58. Rf5 Rxf5 59.
gxf5 Kg7 60. Kd4 Kf6 61. Kc5 Kxf5 62. Kb6 h5 63. Kxa6 g4 64. fxg4+ hxg4 65.
hxg4+ Kxg4 66. Kb6 Kf5 67. a6 Ke6 68. a7 {Black resigns} 1-0

[Event "Team 45 45 League T49"]
[Site "Internet Chess Club"]
[Date "2011.06.19"]
[Round "6"]
[White "playwaycool"]
[Black "CamLeslie"]
[Result "1/2-1/2"]
[WhiteElo "2112"]
[BlackElo "1936"]
[Opening "Trompowsky attack (Ruth, Opocenský opening)"]
[ECO "A45"]
[Time "22:32:37"]
[TimeControl "2700+45"]

1. d4 Nf6 2. Bg5 c5 3. Bxf6 exf6 4. d5 f5 5. c3 d6 6. a4 g6 7. e3 Nd7 8. Na3 Bg7
9. Nc4 Nf6 10. Ne2 b6 11. g3 O-O 12. Bg2 Re8 13. O-O Ba6 14. Na3 Ne4 {Game drawn
by mutual agreement} 1/2-1/2

[Event "Team 45 45 League T49"]
[Site "Internet Chess Club"]
[Date "2011.06.19"]
[Round "6"]
[White "Camden772"]
[Black "saychess"]
[Result "0-1"]
[WhiteElo "1808"]
[BlackElo "2119"]
[Opening "Sicilian: closed, 6.Be3"]
[ECO "B26"]
[Time "12:30:22"]
[TimeControl "2700+45"]

1. e4 c5 2. Nc3 Nc6 3. g3 g6 4. Bg2 Bg7 5. d3 d6 6. Be3 Nf6 7. h3 e5 8. Nge2 Nd4
9. O-O O-O 10. f4 Nh5 11. g4 Nxe2+ 12. Nxe2 Nxf4 13. c3 Nxg2 14. Kxg2 Qb6 15.
Qd2 f5 16. gxf5 gxf5 17. exf5 Bxf5 18. Kh2 d5 19. d4 cxd4 20. cxd4 Kh8 21. dxe5
Bxe5+ 22. Ng3 Qd6 23. Bd4 Bg6 24. Rae1 Bxd4 25. Qxd4+ Kg8 26. Re5 Rxf1 27. Nxf1
Re8 28. Qxd5+ Qxd5 29. Rxd5 Re2+ 30. Kg3 Rxb2 31. Ne3 Kf7 32. a4 Ke6 33. Rc5 Rb3
34. Kf3 b6 35. Rc7 a5 36. Ke2 Kd6 37. Rc8 Rb4 38. Kd2 Rd4+ 39. Kc1 Kd7 40. Rc4
Rd3 41. Ng4 Rxh3 42. Ne5+ Kd6 43. Nxg6 hxg6 44. Rg4 g5 45. Rxg5 Rh4 46. Rg6+ Kc5
47. Rg5+ Kc6 48. Rg6+ Kb7 49. Rg7+ Ka6 50. Kb2 Rxa4 51. Kb3 Rb4+ 52. Ka3 Rc4 53.
Kb3 Kb5 54. Rg5+ Rc5 55. Rg4 Rh5 56. Rg6 a4+ 57. Ka3 Rh3+ 58. Ka2 Ka5 59. Rg5+
b5 60. Rf5 Rc3 61. Rd5 Kb4 62. Kb2 a3+ 63. Ka2 Ka4 64. Rd4+ b4 65. Rd1 b3+ 66.
Ka1 b2+ 67. Ka2 Rc1 68. Rxc1 bxc1=B 69. Kb1 Bb2 70. Ka2 Be5 {White resigns} 0-1

[Event "Team 45 45 League T49"]
[Site "Internet Chess Club"]
[Date "2011.06.18"]
[Round "6"]
[White "filiusdextris"]
[Black "SlimeDog2"]
[Result "1/2-1/2"]
[WhiteElo "2108"]
[BlackElo "2099"]
[Opening "KGD: Nimzovich counter-gambit"]
[ECO "C31"]
[Time "20:18:03"]
[TimeControl "2700+45"]

1. e4 e5 2. f4 d5 3. exd5 c6 4. dxc6 Nxc6 5. Bb5 exf4 6. Qe2+ Be6 7. Nf3 Bd6 8.
d4 Ne7 9. O-O O-O 10. Kh1 Bg4 11. c3 Re8 12. Re1 Qd7 13. Na3 Nd5 14. Qf2 Rxe1+
15. Nxe1 Bxa3 16. bxa3 Nxc3 17. Bxc6 bxc6 18. Bxf4 Re8 19. Nd3 Re2 20. Qh4 Bf5
21. Ne5 Qd5 22. Nf3 h6 23. Bg3 Be4 24. Rf1 Qxa2 25. Qh3 Nd5 26. Qd7 Bxf3 27.
Qc8+ Kh7 28. Qf5+ Kg8 29. Qc8+ {Game drawn by mutual agreement} 1/2-1/2

[Event "Team 45 45 League T49"]
[Site "Internet Chess Club"]
[Date "2011.06.16"]
[Round "6"]
[White "chsrules88"]
[Black "mickeys"]
[Result "1-0"]
[WhiteElo "1971"]
[BlackElo "1959"]
[Opening "French: advance, Milner-Barry gambit"]
[ECO "C02"]
[Time "16:00:13"]
[TimeControl "2700+45"]

1. e4 e6 2. d4 d5 3. e5 c5 4. c3 Nc6 5. Nf3 Qb6 6. Bd3 Bd7 7. Bc2 Nge7 8. O-O
Ng6 9. h4 cxd4 10. cxd4 Nb4 11. Nc3 Nxc2 12. Qxc2 Rc8 13. Qd3 Bb4 14. Rd1 Be7
15. h5 Nh4 16. Nxh4 Bxh4 17. b3 Be7 18. h6 g6 19. Be3 Qd8 20. Rac1 a6 21. f4 Bf8
22. Na4 Rxc1 23. Rxc1 Bxh6 24. Nc5 Bc8 25. g4 Qh4 26. g5 Bf8 27. Nxa6 Qg3+ 28.
Kf1 Qf3+ 29. Ke1 Qg3+ 30. Kd1 Qf3+ 31. Qe2 Qxe2+ 32. Kxe2 Bd7 33. Nc7+ Kd8 34.
Bd2 Ba3 35. Rc2 Ke7 36. Ba5 h5 37. b4 Rc8 38. Kd3 b6 39. Bxb6 Bxb4 40. Ke3 Rb8
41. Ba7 Rb7 42. Na6 Ba3 43. Bc5+ Bxc5 44. Nxc5 Ra7 45. Rb2 h4 46. Kf3 Ra3+ 47.
Rb3 Ra7 48. Kg4 Bc6 49. a3 Ra8 50. Kxh4 Ba4 51. Rb7+ Kf8 52. Kg3 Bd1 53. Nd7+
Kg7 54. Rb8 Rxb8 55. Nxb8 Ba4 56. Na6 Kf8 57. Kf2 Ke8 58. Ke3 Kd8 59. Kd2 Bb5
60. Nc5 Kc7 61. Kc3 Kb6 62. Kb4 Be2 63. a4 Bc4 64. a5+ Ka7 65. Nd7 Kb7 66. Kc5
Kc7 67. Nb6 Be2 68. Na4 Bc4 69. Nc3 Be2 70. Nb5+ Kb7 71. Nd6+ Kc7 72. Nxf7 Bd3
73. a6 Bxa6 74. f5 exf5 75. Kxd5 Bb7+ 76. Kc4 f4 77. Kd3 f3 78. Ke3 Kd7 79. Nd6
Bd5 80. Nb5 Ke6 81. Nc3 Bc6 82. Nb1 Kf5 83. Nd2 Kxg5 84. Nxf3+ Kf5 85. Kf2 g5
86. Kg3 Ke4 87. Nxg5+ Kxd4 88. Kf4 Bd7 89. Nh7 Be6 90. Nf8 Kd5 91. Ng6 Kc6 92.
Kg5 Kd7 93. Kf6 Bc4 94. Nf8+ Ke8 95. Ne6 Kd7 96. Nc5+ Ke8 97. Ne4 Ba2 98. Nc3
Bc4 99. Na4 Ba2 100. Kf5 Ke7 101. Ke4 Bb1+ 102. Kd4 Ba2 103. Nc3 Ke6 104. Nxa2
{Black resigns} 1-0

[Event "Team 45 45 League T49"]
[Site "Internet Chess Club"]
[Date "2011.06.20"]
[Round "6"]
[White "Pacini"]
[Black "LobowolfXXX"]
[Result "1-0"]
[WhiteElo "2021"]
[BlackElo "1872"]
[Opening "Giuoco Piano"]
[ECO "C44"]
[Time "20:06:38"]
[TimeControl "2700+45"]

1. e4 e5 2. Nf3 Nc6 3. d4 exd4 4. Bc4 Bc5 5. c3 Nf6 6. cxd4 Bb4+ 7. Bd2 Nxe4 8.
Bxb4 Nxb4 9. Bxf7+ Kxf7 10. Qb3+ d5 11. Qxb4 Re8 12. O-O Kg8 13. Nc3 c6 14. h3
Qb6 15. Qa3 Bf5 16. Rfe1 Rad8 17. Re3 h6 18. Rae1 Bd7 19. Na4 Qa5 20. b4 Qc7 21.
Nc5 Nxc5 22. bxc5 Rxe3 23. Rxe3 b6 24. Ne5 bxc5 25. Qxc5 Qb6 26. Qe7 Be8 27. Rg3
g5 28. Rf3 Bh5 29. Rf7 Qb1+ 30. Kh2 Rb8 31. Qf6 {Black resigns} 1-0

[Event "Team 45 45 League T49"]
[Site "Internet Chess Club"]
[Date "2011.06.20"]
[Round "6"]
[White "zap2"]
[Black "subterfuge"]
[Result "0-1"]
[WhiteElo "1770"]
[BlackElo "1758"]
[Opening "Réti: King's Indian attack (Barcza system)"]
[ECO "A07"]
[Time "14:04:31"]
[TimeControl "2700+45"]

1. Nf3 d5 2. g3 Nc6 3. Bg2 e5 4. d3 f6 5. O-O Be6 6. Nbd2 Qd7 7. Re1 O-O-O 8. e4
d4 9. a4 h5 10. h4 Bg4 11. Nc4 Be7 12. Bd2 g5 13. hxg5 h4 14. gxh4 Rxh4 15. Nxh4
Bxd1 16. Rexd1 fxg5 17. Nf5 Bf6 18. b4 Re8 19. b5 Nce7 20. Bh3 Kb8 21. Rdb1 Nh6
22. a5 Nhxf5 23. Bg4 Rh8 24. b6 a6 25. Bxf5 Nxf5 26. bxc7+ Qxc7 27. Rb6 Nh4 28.
Rxf6 Qe7 29. Nb6 Qh7 30. Kf1 Ng2 31. Ke2 Qh5+ 32. f3 Qh2 33. Rc1 Ne3+ 34. Ke1
Qg1+ 35. Ke2 Rh2# {White checkmated} 0-1

[Event "Team 45 45 League T49"]
[Site "Internet Chess Club"]
[Date "2011.06.19"]
[Round "6"]
[White "justice02"]
[Black "andrew32"]
[Result "1-0"]
[WhiteElo "1821"]
[BlackElo "1622"]
[Opening "Grünfeld defense"]
[ECO "D80"]
[Time "16:18:21"]
[TimeControl "2700+45"]

1. c4 Nf6 2. d4 g6 3. Nc3 d5 4. b3 c5 5. Bb2 cxd4 6. Qxd4 Nc6 7. Qd2 d4 8. Nb1
e5 9. a3 Ne4 10. Qd1 Bg7 11. Nd2 Nc3 12. Bxc3 dxc3 13. Ne4 Qxd1+ 14. Rxd1 c2 15.
Rc1 Nd4 16. Nd6+ Ke7 17. Nxc8+ Raxc8 18. e3 Nxb3 19. Rxc2 e4 20. Ne2 Na1 21. Rc1
Rhd8 22. Nc3 Nb3 23. Rc2 Na1 24. Rc1 Nb3 25. Rc2 f5 26. Be2 b5 27. Nxb5 a6 28.
Nd4 Bxd4 29. exd4 Nxd4 30. Rc3 Nxe2 31. Kxe2 Rd4 32. Rhc1 Rcd8 33. R1c2 f4 34.
g3 f3+ 35. Ke3 Ke6 36. Kf4 h6 37. g4 g5+ 38. Kg3 Ke5 39. Rb3 Rd3 40. Rb6 R8d6
41. c5 R6d5 42. Rxa6 Rd2 43. Rc4 Re2 44. Rxh6 Rd1 45. Rg6 Rg1+ 46. Kh3 Kf4 47.
Rf6+ Ke5 48. Rf5+ Ke6 49. Rxg5 e3 50. Re4+ Kd7 51. Rxe3 Rxe3 52. fxe3 f2 53. Rf5
f1=Q+ 54. Rxf1 Rxf1 55. Kg3 Ke6 56. h4 Kd5 57. g5 Ke4 58. Kg4 Rg1+ 59. Kh5 Kf5
60. c6 Rc1 61. e4+ Kxe4 62. g6 Rc5+ 63. Kh6 Rxc6 64. Kh7 Kf5 65. g7 Rc4 66. h5
Rc7 67. Kh8 {Black resigns} 1-0

[Event "Team 45 45 League T49"]
[Site "Internet Chess Club"]
[Date "2011.06.21"]
[Round "6"]
[White "Juan73"]
[Black "ScotchYeti"]
[Result "1-0"]
[WhiteElo "1674"]
[BlackElo "1664"]
[Opening "Sicilian: closed"]
[ECO "B23"]
[Time "16:42:35"]
[TimeControl "2700+45"]

1. e4 c5 2. Nc3 e6 3. Nf3 d5 4. exd5 exd5 5. Bb5+ Nc6 6. d4 Nf6 7. Bg5 Be6 8.
Ne5 Qc7 9. O-O Be7 10. Re1 O-O 11. Bxc6 bxc6 12. dxc5 a5 13. h4 h6 14. Bf4 Bxc5
15. Na4 Bd6 16. Qd2 Ne4 17. Qe3 Bxe5 18. Bxe5 Qxe5 19. f3 Qh5 20. fxe4 Qxh4 21.
Nc5 Rfe8 22. Qc3 dxe4 23. Rxe4 Qg5 24. Rae1 Qf5 25. Nxe6 fxe6 26. Qxc6 Rac8 27.
Qa4 Qc5+ 28. Kh1 Qxc2 29. Qxa5 Rc5 30. Qa4 Rb8 31. Qxc2 Rxc2 32. Rxe6 Rbxb2 33.
Rg6 Kf7 34. Rg3 Rxa2 35. Rb1 Rc7 36. Rb6 Ra4 37. Kh2 Kg8 38. Rxh6 Kf8 39. Rh8+
Ke7 40. Rxg7+ Kd6 41. Rh6+ {Black resigns} 1-0

[Event "Team 45 45 League T49"]
[Site "Internet Chess Club"]
[Date "2011.06.17"]
[Round "6"]
[White "cepheid"]
[Black "BrianWood"]
[Result "1-0"]
[WhiteElo "1641"]
[BlackElo "1565"]
[Opening "Pirc: classical, h3 system"]
[ECO "B08"]
[Time "20:00:56"]
[TimeControl "2700+45"]

1. e4 d6 2. d4 Nf6 3. Nc3 g6 4. Nf3 Bg7 5. h3 O-O 6. Be3 a6 7. Be2 Nc6 8. O-O e5
9. dxe5 dxe5 10. Bg5 Qxd1 11. Raxd1 h6 12. Bxf6 Bxf6 13. Nd5 Bd8 14. c3 Be6 15.
Rd2 f5 16. exf5 Bxf5 17. Ne3 e4 18. Bc4+ Kg7 19. Nxf5+ gxf5 20. Rd7+ Kg6 21. Nd4
Ne5 22. Be6 Nxd7 23. Bxd7 Bf6 24. Bxf5+ Kg5 25. Bxe4 Bxd4 26. cxd4 c6 27. Rc1
Rad8 28. Rc5+ Kf6 29. d5 cxd5 30. Bxd5 Rc8 31. Rxc8 Rxc8 32. Bxb7 Rb8 33. Bxa6
Rxb2 34. a4 Ra2 35. Bb5 h5 36. g3 Kg5 37. h4+ Kg6 38. Kg2 Kf5 39. Bd7+ Kg6 40.
Be8+ Kh6 41. Kf3 Ra3+ 42. Kf4 Rc3 43. Bb5 Rb3 44. f3 Rb4+ 45. Kf5 Rb3 46. Bc6
Rb6 47. Be8 Rb3 48. Bc6 Rb6 49. Bb5 Rg6 50. g4 hxg4 51. fxg4 Rb6 52. Ke5 Kg6 53.
Be8+ Kh6 54. g5+ Kg7 55. h5 Ra6 56. Kf5 Kf8 57. Bb5 Rb6 58. h6 Kg8 59. g6 Rd6
60. Bc4+ {Black resigns} 1-0

[Event "Team 45 45 League T49"]
[Site "Internet Chess Club"]
[Date "2011.06.19"]
[Round "6"]
[White "PANAMA-REY"]
[Black "KyleMayhugh"]
[Result "1-0"]
[WhiteElo "1446"]
[BlackElo "1399"]
[Opening "Sicilian: closed"]
[ECO "B23"]
[Time "11:00:05"]
[TimeControl "2700+45"]

1. e4 c5 2. Nc3 d6 3. Bb5+ Nc6 4. Bxc6+ bxc6 5. d3 e5 6. h3 Nf6 7. f4 Nd7 8. Nf3
Be7 9. f5 Bh4+ 10. Nxh4 Qxh4+ 11. Ke2 O-O 12. Be3 Ba6 13. Bf2 Qe7 14. Re1 c4 15.
Na4 cxd3+ 16. cxd3 Rfd8 17. Kf1 Nc5 18. Nxc5 dxc5 19. Re3 c4 20. Kg1 cxd3 21.
Qd2 Qc5 22. Rc1 Qb5 23. f6 g6 24. Rxd3 {Black resigns} 1-0

[Event "Team 45 45 League T49"]
[Site "Internet Chess Club"]
[Date "2011.06.19"]
[Round "6"]
[White "ice-cream"]
[Black "Sirian"]
[Result "0-1"]
[WhiteElo "1724"]
[BlackElo "1578"]
[Opening "Scandinavian (center counter) defense"]
[ECO "B01"]
[Time "19:00:26"]
[TimeControl "2700+45"]

1. e4 d5 2. exd5 Qxd5 3. Nc3 Qa5 4. d4 c6 5. Nf3 Nf6 6. Bc4 Bf5 7. Bd2 Qc7 8.
Ne5 e6 9. g4 Bg6 10. Qe2 Bd6 11. O-O-O Nbd7 12. f4 b5 13. g5 bxc4 14. gxf6 Nxf6
15. Qxc4 O-O 16. Nxg6 hxg6 17. Ne2 Ne4 18. Be3 Rab8 19. Qd3 Nf6 20. Rdf1 Nd5 21.
Bd2 Rfd8 22. a3 Qb6 23. Bc3 Nxc3 24. Qxc3 c5 25. dxc5 Bxc5 26. Rf3 Be7 27. Rd3
Rdc8 28. Qd4 Qc6 {White resigns} 0-1

[Event "Team 45 45 League T49"]
[Site "Internet Chess Club"]
[Date "2011.06.18"]
[Round "6"]
[White "DaveF"]
[Black "j316chuck"]
[Result "0-1"]
[WhiteElo "1488"]
[BlackElo "1687"]
[Opening "Grünfeld: modern exchange variation"]
[ECO "D85"]
[Time "11:20:56"]
[TimeControl "2700+45"]

1. d4 Nf6 2. c4 g6 3. Nc3 d5 4. cxd5 Nxd5 5. e4 Nxc3 6. bxc3 Bg7 7. Nf3 c5 8.
Rb1 O-O 9. Be2 b6 10. O-O Nd7 11. e5 cxd4 12. cxd4 Bb7 13. Bg5 Re8 14. Qd2 Rc8
15. Bh6 e6 16. Rfc1 Rxc1+ 17. Rxc1 Qb8 18. Bb5 Bxf3 19. gxf3 Bxh6 20. Qxh6 Rd8
21. Qg5 Nf8 22. Qe7 Rc8 23. Rxc8 Qxc8 24. Qxa7 Qc1+ 25. Kg2 Qg5+ 26. Kf1 Qc1+
27. Kg2 Qg5+ 28. Kf1 Qf4 29. Qxb6 Qxf3 30. Bc6 Qa3 31. Kg2 Qxa2 32. Qb7 Qd2 33.
d5 Qg5+ 34. Kh1 Qxe5 35. dxe6 Nxe6 36. Qb5 Qf6 37. Qe2 Kg7 38. Qf3 Qg5 39. Bd5
Nf4 40. Qc3+ Qf6 41. Qxf6+ Kxf6 42. Bc6 Kg5 43. Kg1 Kg4 44. Bb5 f5 45. Bc6 h5
46. Be8 g5 47. Bc6 h4 48. Bd7 Ne2+ 49. Kf1 Nd4 50. Bc8 Kh3 51. Kg1 g4 52. Ba6
Nf3+ 53. Kf1 Nxh2+ 54. Ke2 f4 55. Kd2 Kg2 56. Ke1 h3 57. Bc8 Nf3+ 58. Ke2 Ne5
59. Bb7+ f3+ 60. Ke1 h2 {White resigns} 0-1

[Event "Team 45 45 League T49"]
[Site "Internet Chess Club"]
[Date "2011.06.18"]
[Round "6"]
[White "chess-fan"]
[Black "Cadaz"]
[Result "0-1"]
[WhiteElo "1517"]
[BlackElo "1496"]
[Opening "Sicilian: dragon, Yugoslav attack, 10.O-O-O"]
[ECO "B78"]
[Time "01:00:27"]
[TimeControl "2700+45"]

1. e4 c5 2. Nf3 d6 3. d4 cxd4 4. Nxd4 Nf6 5. Nc3 g6 6. Be3 Bg7 7. f3 O-O 8. Qd2
Nc6 9. Bc4 Bd7 10. O-O-O Rc8 11. Bb3 Ne5 12. h4 h5 13. g4 hxg4 14. h5 Nxh5 15.
Bh6 Kh7 16. Bf4 Nxf3 17. Nxf3 gxf3 18. Rh2 Bxc3 19. bxc3 f6 20. Rdh1 Qa5 21. Bd5
Bg4 22. Rh4 f5 23. exf5 Rxf5 24. Be6 Rb5 25. Bb3 Rxc3 26. Kb2 Rcxb3+ 27. cxb3
Qxd2+ 28. Bxd2 Bd7 29. Rf4 Kg7 30. Rc4 Rc5 31. Re4 e5 32. Rd1 f2 33. Re3 Bb5 34.
Bb4 Rc6 35. a4 f1=Q 36. Rxf1 Bxf1 37. Re1 Bg2 38. Rd1 d5 39. Re1 Nf4 40. Ka3 Nd3
41. Re2 Nxb4 42. Kxb4 Be4 43. a5 a6 44. Ka4 b5+ 45. axb6 Rxb6 46. b4 Kf6 47. Ka5
Rc6 48. Rf2+ Ke6 49. b5 axb5 50. Kxb5 d4 51. Re2 Bd5 52. Rh2 e4 53. Rh8 d3 54.
Re8+ Kd6 55. Rd8+ Ke5 56. Re8+ Kd4 {White resigns} 0-1

[Event "Team 45 45 League T49"]
[Site "Internet Chess Club"]
[Date "2011.06.20"]
[Round "6"]
[White "mrneale"]
[Black "kid6988"]
[Result "1-0"]
[WhiteElo "1432"]
[BlackElo "1551"]
[Opening "Polish (Sokolsky) opening"]
[ECO "A00"]
[Time "19:01:28"]
[TimeControl "2700+45"]

1. b4 e5 2. Bb2 Bxb4 3. Bxe5 Nf6 4. c4 d6 5. Bb2 O-O 6. e3 Nc6 7. Be2 Re8 8. Nf3
Ne5 9. Nxe5 dxe5 10. O-O Qd6 11. d4 exd4 12. Bxd4 c5 13. Bb2 Qxd1 14. Rxd1 Be6
15. Nc3 Bxc3 16. Bxc3 Rad8 17. a4 Kf8 18. f3 Ke7 19. Kf2 Rxd1 20. Rxd1 Rd8 21.
Rxd8 Kxd8 22. h3 Ke7 23. g4 g6 24. Kg3 Nd7 25. a5 b6 26. f4 bxa5 27. Bxa5 Nb6
28. Bxb6 axb6 29. e4 f6 30. f5 Bf7 31. fxg6 hxg6 32. Kf4 Ke6 33. h4 Kd6 34. h5
Ke6 35. h6 g5+ 36. Ke3 Bg6 37. e5 fxe5 38. Bd3 Kf6 39. h7 Kg7 40. Bxg6 Kh8 41.
Ke4 Kg7 42. Kxe5 b5 43. cxb5 c4 44. Bc2 c3 45. b6 Kf7 46. h8=Q Ke7 47. Qg7+ Kd8
48. Kd6 {Black resigns} 1-0

[Event "Team 45 45 League T49"]
[Site "Internet Chess Club"]
[Date "2011.06.17"]
[Round "6"]
[White "Chatica"]
[Black "pestka"]
[Result "1/2-1/2"]
[WhiteElo "2176"]
[BlackElo "2354"]
[Opening "Blackmar gambit"]
[ECO "D00"]
[Time "23:43:42"]
[TimeControl "2700+45"]

1. d4 d5 2. e4 dxe4 3. Nc3 e5 4. Nxe4 exd4 5. Nf3 Qe7 6. Bb5+ c6 7. O-O cxb5 8.
Re1 Be6 9. Bf4 Nc6 10. Nd6+ Qxd6 11. Bxd6 Bxd6 12. Ng5 O-O-O 13. Nxe6 fxe6 14.
Rxe6 {Game drawn by mutual agreement} 1/2-1/2

[Event "Team 45 45 League T49"]
[Site "Internet Chess Club"]
[Date "2011.06.18"]
[Round "6"]
[White "eurander"]
[Black "Gregorio"]
[Result "1-0"]
[WhiteElo "2143"]
[BlackElo "2000"]
[Opening "Ruy Lopez: fianchetto (Smyslov/Barnes) defense"]
[ECO "C60"]
[Time "09:01:37"]
[TimeControl "2700+45"]

1. e4 e5 2. Nf3 Nc6 3. Bb5 g6 4. c3 Nge7 5. d4 exd4 6. cxd4 d5 7. exd5 Nxd5 8.
O-O Bg7 9. Re1+ Be6 10. Bg5 Qd6 11. Nbd2 O-O 12. Ne4 Qb4 13. Bxc6 bxc6 14. Qd2
f6 15. Qxb4 Nxb4 16. Nxf6+ Bxf6 17. Rxe6 Bxg5 18. Nxg5 Rf5 19. Nf3 c5 20. dxc5
Rxc5 21. a3 Nd3 22. Re2 Nc1 23. Re5 Rd8 24. Re1 Nd3 25. Red1 Rd6 26. Rd2 Nc1 27.
Rxd6 cxd6 28. b4 Rc2 29. Nd4 Rc4 30. Kf1 a6 31. Ne2 Nxe2 32. Kxe2 Rc2+ 33. Ke3
Kf7 34. Rd1 Ke6 35. Rd2 Rc3+ 36. Rd3 Rc2 37. h4 h5 38. g3 d5 39. Rb3 Ra2 40. f3
Ke5 41. f4+ Kd6 42. Kd4 Rd2+ 43. Rd3 Ra2 44. Re3 Ra1 45. Re5 Rd1+ 46. Kc3 Rg1
47. Rg5 Ra1 48. Rxg6+ {Black resigns} 1-0

[Event "Team 45 45 League T49"]
[Site "Internet Chess Club"]
[Date "2011.06.20"]
[Round "6"]
[White "alexping"]
[Black "mitus"]
[Result "1-0"]
[WhiteElo "1927"]
[BlackElo "1779"]
[Opening "Bogo-Indian defense, Nimzovich variation"]
[ECO "E11"]
[Time "13:33:05"]
[TimeControl "2700+45"]

1. d4 Nf6 2. c4 e6 3. Nf3 Bb4+ 4. Bd2 Qe7 5. a3 Bxd2+ 6. Nbxd2 d6 7. e4 e5 8. d5
Bg4 9. Qb3 c5 10. h3 Bxf3 11. Qxf3 Na6 12. Be2 O-O 13. Rb1 Rab8 14. g4 g6 15.
Qe3 Kg7 16. Qc3 g5 17. Qe3 h6 18. Nf1 Rh8 19. Ng3 Kg6 20. Nf5 Qf8 21. h4 Ne8 22.
hxg5 hxg5 23. Kd2 Rd8 24. Qf3 f6 25. Rxh8 Qxh8 26. Rh1 Qg8 27. Ne7+ {Black
resigns} 1-0

[Event "Team 45 45 League T49"]
[Site "Internet Chess Club"]
[Date "2011.06.20"]
[Round "6"]
[White "MarkNY"]
[Black "zbence"]
[Result "0-1"]
[WhiteElo "1650"]
[BlackElo "1843"]
[Opening "Sicilian: wing gambit"]
[ECO "B20"]
[Time "21:58:05"]
[TimeControl "2700+45"]

1. e4 c5 2. b4 b6 3. f4 e6 4. bxc5 Bxc5 5. d4 Be7 6. Qg4 Nf6 7. Qxg7 Rg8 8. Qh6
Rg6 9. Qh3 Nxe4 10. Bd3 Bb7 11. Qxh7 Nf6 12. Nf3 Nxh7 13. Bxg6 fxg6 14. O-O Bxf3
15. Rxf3 Nc6 16. Rh3 Nf8 17. Bb2 Bf6 18. Nd2 Bxd4+ 19. Bxd4 Nxd4 20. c3 Ne2+ 21.
Kf2 Nxf4 22. Re3 Qh4+ 23. g3 Qxh2+ 24. Kf3 Nd5 25. Re2 Qh5+ 26. Kf2 Nxc3 27. Re3
Nd5 28. Re2 Nh7 29. Ne4 Ke7 30. Rd1 Rf8+ 31. Ke1 Nhf6 32. Nxf6 Nxf6 33. Kd2 Rc8
34. Rde1 Qg5+ 35. Kd3 Nd5 36. Re5 Qxg3+ 37. Kd2 {White resigns} 0-1